 Dungeon Crawl Stone Soup version 0.28.0-49-g6dfe1f597d (webtiles) character file.

Game seed: 6364779139345743956

39 Gabide the Ducker (level 3, 0/29 HPs)
             Began as a Human Monk on May 11, 2022.
             Slain by an orc
             ... wielding a +0 flail
              (6 damage)
             ... on level 1 of the Dungeon.
             The game lasted 00:02:01 (1846 turns).

Gabide the Ducker (Human Monk)                      Turns: 1846, Time: 00:02:01

Health: 0/29       AC:  2    Str: 13    XL:     3   Next: 67%
Magic:  3/3        EV: 13    Int: 10    God:
Gold:   108        SH:  0    Dex: 15    Spells: 2/2 levels left

rFire   . . .      SeeInvis .   a - +0 spear
rCold   . . .      Faith    .   (no shield)
rNeg    . . .      Spirit   .   b - +0 robe
rPois   .          Reflect  .   (no helmet)
rElec   .          Harm     .   (no cloak)
rCorr   .          Rampage  .   (no gloves)
Will    .....                   (no boots)
Stlth   ++........              (no amulet)
HPRegen 0.09/turn               (no ring)
MPRegen 0.08/turn               (no ring)

@: no status effects
A: no striking features
a: no special abilities


You were on level 1 of the Dungeon.
You visited 1 branch of the dungeon, and saw 2 of its levels.

You collected 108 gold pieces.

Inventory:

Hand Weapons
 a - a +0 spear (weapon)
Armour
 b - a +0 robe (worn)
Scrolls
 c - a scroll of torment {unknown}
 d - a scroll of fog {unknown}


   Skills:
 + Level 3.5 Fighting
 + Level 3.5 Polearms
 + Level 3.5 Dodging
 - Level 2.0 Stealth


You had 2 spell levels left.
You didn't know any spells.
Your spell library was empty.

Dungeon Overview and Level Annotations

Branches:
Dungeon (2/15)

Altars:


Message History

You are too injured to fight recklessly!
You are too injured to fight recklessly!
You are too injured to fight recklessly!
You are too injured to fight recklessly!
You are too injured to fight recklessly!
You are too injured to fight recklessly!
You are too injured to fight recklessly!
You are too injured to fight recklessly!
You are too injured to fight recklessly!
You are too injured to fight recklessly!
You are too injured to fight recklessly!
Okay, then.
Unknown command.
A ball python comes into view.
The ball python hisses angrily.
You see here a hobgoblin corpse.
There is a stone staircase leading up here.
The orc barely misses you.
You climb upwards.
There is a stone staircase leading down, spattered with blood here.
You hit the orc.
The orc is severely wounded.
The orc closely misses you.
You barely miss the orc.
The orc is severely wounded.
The orc hits you with a +0 flail.
* * * LOW HITPOINT WARNING * * *
You barely miss the orc.
The orc is severely wounded.
The orc barely misses you.
You barely miss the orc.
The orc is severely wounded.
The orc barely misses you.
You hit the orc.
The orc is almost dead.
The orc closely misses you.
You completely miss the orc.
The orc is severely wounded.
The orc hits you with a +0 flail.
You die...

#......###..#
#......#.##.#
#.#....# #..##
#.####.#....#
#.#########..#
#.#..#.#.####
#÷#......##..#
#....#.#.#
#.#.####.##..#
###.##.#.#####
#......#.##..#
#....#.....#
###.##.#.##..##
#..#####.###
#....#.###o.#
#..#####.#
##÷(.......@#
#........#
#.........##
###.########
#######.........#
#...#
......#.........#
#.#.#
......#.........#
#.###
......#.........#
#.#
......#.........#
#.#
......#.........#
#.#
#######.........#
#.#


You could see an orc.

Vanquished Creatures
  An adder (D:1)
  An orc (D:2)
  2 ball pythons (D:1)
  2 bats (D:1)
  2 endoplasms
  2 giant cockroaches (D:1)
  4 goblins (D:1)
  2 hobgoblins
  3 jackals (D:1)
  A quokka (D:1)
  A frilled lizard (D:1)
  A kobold (D:1)
  2 rats (D:1)
24 creatures vanquished.

Notes
Turn   | Place    | Note
-------+----------+-------------------------------------------
     0 | D:1      | Gabide the Human Monk began the quest for the Orb.
     0 | D:1      | Reached XP level 1. HP: 18/18 MP: 1/1
   175 | D:1      | Reached XP level 2. HP: 24/24 MP: 2/2
   673 | D:1      | Reached XP level 3. HP: 28/29 MP: 3/3
   860 | D:1      | Found a faded altar of an unknown god.
  1846 | D:1      | Slain by an orc

Illustrated notes

Levels and vault maps discovered:
D:1:      matt_arrival_refuge, layout_basic, nicolae_ecumenical_lake_church
D:2:      layout_loops_ring, minmay_worlds_worst_comb

Action                   || total
-------------------------++-------
Melee: Spear             ||   124
       Punch             ||     1
  Use: Potion            ||     1
 Stab: Sleeping          ||     4
Armor: Robe              ||    14
Dodge: Dodged            ||    69
